Map: Coda LE (Void)

Players

Kappa

  • Race: Zerg Zerg

Bop - Winner!

  • Race: Protoss Protoss

VOD

Have the link to the VOD?

Description

Time

  • Played on: May 7, 2015, 2:39 a.m.
  • Length: 17:42
Show
View Real Time Build Order
Export as new Build Order

Kappa Zerg 

Build Orders: Hatch First 

Get SALT Encoding   

  12  0:01  Drone  
  13  0:08  Drone  
  14  0:17  Overlord  
  14  0:28  Drone, Extractor x2  
  14  0:30  Drone  
  16  0:36  Drone  
  17  0:55  Hatchery  
  16  0:59  Drone  
  16  1:02  Drone  
  18  1:15  Spawning Pool  
  17  1:19  Drone  
  17  1:22  Drone  
  19  1:27  Drone  
  19  1:31  Extractor  
  19  1:38  Drone  
  20  1:49  Overlord  
  20  2:06  Hatchery  
  20  2:08  Queen  
  21  2:15  Zergling x2  
  21  2:16  Zergling x2  
  23  2:26  Queen  
  25  2:32  Metabolic Boost  
  25  2:43  Drone x3  
  28  2:50  Drone x2  
  31  2:51  Drone  
  31  3:03  Drone x2  
  33  3:06  Queen  
  33  3:08  Overlord  
  35  3:15  Drone  
  35  3:19  Drone  
  37  3:20  Queen  
  37  3:22  Drone  
  39  3:29  Zergling x6  
  39  3:30  Zergling x2  
  43  3:36  Zergling x4  
  43  3:38  Overlord  
  45  4:03  Drone x5  
  45  4:04  Drone x3  
  45  4:09  Drone  
  54  4:10  Drone x2  
  55  4:17  Overlord x2  
  56  4:24  Drone x3  
  58  4:31  Hatchery, Overlord  
  58  4:34  Drone  
  58  4:37  Extractor  
  57  4:38  Extractor  
  57  4:39  Drone x2  
  57  4:40  Drone  
  57  4:41  Evolution Chamber x2, Drone  
  57  4:43  Drone  
  57  4:44  Drone  
  60  4:46  Drone  
  60  4:49  Drone x2  
  60  4:50  Drone  
  63  5:02  Zergling x8  
  63  5:03  Zergling x6  
  63  5:06  Zerg Melee Weapons Level 1  
  70  5:12  Drone x2  
  72  5:14  Roach Warren, Zergling x4  
  72  5:17  Lair  
  71  5:30  Drone x3  
  71  5:31  Drone  
  71  5:32  Drone  
  74  5:41  Overlord x2  
  74  5:42  Overlord x4  
  73  5:45  Zerg Ground Armor Level 1  
  73  5:51  Zergling x6  
  73  5:52  Zergling x2  
  77  6:10  Drone  
  77  6:11  Drone x6  
  75  6:12  Drone x5  
  75  6:16  Hatchery  
  75  6:17  Spore Crawler  
  80  6:31  Drone x2  
  82  6:33  Drone x4, Spire, Extractor  
  82  6:39  Extractor x2  
  82  6:42  Drone x3  
  82  6:43  Drone x3  
  88  6:53  Drone  
  89  6:57  Overlord  
  88  7:09  Hatchery  
  88  7:12  Overlord  
  85  7:22  Spore Crawler  
  83  7:23  Drone x2  
  83  7:24  Drone  
  86  7:32  Overlord x2  
  86  7:44  Overlord x2  
  86  7:47  Mutalisk x12  
  109  7:51  Overseer  
  109  7:54  Overlord x2  
  109  7:55  Zergling x6  
  112  8:00  Drone  
  112  8:01  Drone x11  
  112  8:05  Zerg Melee Weapons Level 2  
  124  8:09  Zerg Ground Armor Level 2  
  124  8:13  Overseer  
  124  8:15  Drone x2  
  124  8:16  Drone x2  
  128  8:30  Mutalisk x3  
  128  8:32  Overlord x2  
  134  8:36  Mutalisk  
  134  8:38  Zergling x22  
  147  8:41  Zergling x2  
  148  8:52  Mutalisk x2  
  140  8:55  Mutalisk  
  140  8:57  Zergling x2  
  140  8:58  Zergling x10  
  143  9:07  Zergling x8  
  138  9:14  Extractor  
  138  9:15  Extractor  
  138  9:16  Spore Crawler x3  
  133  9:22  Drone x3, Extractor  
  133  9:23  Drone x3, Extractor  
  137  9:24  Drone  
  137  9:28  Infestation Pit  
  137  9:37  Corruptor x4  
  137  9:38  Corruptor x2  
  145  9:44  Zergling x2  
  145  9:45  Zergling x26  
  154  9:55  Corruptor x2  
  154  9:57  Overlord x2  
  160  10:13  Corruptor  
  160  10:14  Corruptor x3  
  160  10:16  Drone x2, Corruptor  
  160  10:17  Spore Crawler  
  160  10:19  Spine Crawler, Overseer  
  170  10:24  Hive  
  168  10:33  Corruptor  
  168  10:34  Corruptor  
  172  10:37  Drone  
  172  10:38  Drone  
  167  10:43  Corruptor  
  167  10:44  Corruptor  
  153  10:54  Corruptor x2  
  153  10:56  Zergling x24  
  153  10:57  Zergling x4  
  167  10:58  Drone x3  
  167  10:59  Drone x2  
  167  11:02  Zerg Flyer Armor Level 1  
  172  11:08  Corruptor  
  172  11:09  Corruptor  
  176  11:22  Corruptor x3  
  176  11:24  Zergling x18  
  191  11:29  Drone x4  
  195  11:46  Hatchery  
  194  11:51  Corruptor  
  194  11:52  Corruptor  
  194  11:53  Viper x2  
  197  11:57  Hatchery  
  199  12:05  Extractor  
  199  12:07  Overlord  
  198  12:08  Extractor  
  198  12:12  Roach  
  199  12:15  Overlord  
  199  12:19  Zerg Melee Weapons Level 3  
  199  12:20  Zerg Ground Armor Level 3  
  136  13:01  Corruptor x3  
  136  13:03  Zergling x16  
  131  13:06  Mutalisk, Zergling x14  
  131  13:07  Mutalisk x12  
  156  13:19  Corruptor x2  
  138  13:20  Corruptor  
  138  13:21  Zergling x2  
  138  13:22  Zergling x12  
  135  13:33  Mutalisk x3  
  127  13:36  Zergling x14  
  125  13:45  Mutalisk x3  
  124  13:51  Corruptor  
  124  13:53  Zergling x2  
  124  13:54  Zergling x10  
  122  14:02  Corruptor x3  
  113  14:05  Drone x3  
  118  14:14  Corruptor x3  
  116  14:21  Drone  
  116  14:22  Drone x4  
  112  14:29  Corruptor x4  
  113  14:36  Extractor  
  102  14:41  Corruptor x2  
  102  14:43  Zergling x4  
  102  14:44  Zergling x10  
  110  14:49  Corruptor x2  
  113  14:57  Corruptor x2  
  114  15:13  Corruptor x4  
  120  15:20  Overlord  
  120  15:21  Corruptor x2  
  118  15:25  Zergling x10  
  118  15:26  Zergling x8  
  123  15:39  Corruptor x3  
  125  15:49  Corruptor  
  116  15:54  Corruptor  
  116  15:55  Zergling x2  
  116  15:56  Zergling x4  
  107  16:08  Corruptor x2  
  99  16:12  Zergling x2  
  99  16:13  Zergling x6  
  73  16:29  Zergling x4  
  73  16:30  Zergling x10  
  73  16:31  Zergling x4  
  78  16:39  Corruptor  
  75  16:53  Corruptor x2  
  71  17:06  Corruptor  
  71  17:07  Corruptor  
Show
View Real Time Build Order
Export as new Build Order

Bop Protoss - Winner!

Build Orders: Nexus First 

Get SALT Encoding   

  12  0:00  Probe  
  13  0:12  Probe  
  14  0:42  Nexus  
  14  0:58  Pylon  
  14  1:16  Probe (Chrono Boost)  
  14  1:17  Gateway  
  15  1:24  Assimilator  
  15  1:28  Probe (Chrono Boost)  
  16  1:37  Probe (Chrono Boost)  
  17  1:44  Probe (Chrono Boost)  
  19  1:55  Probe (Chrono Boost)  
  19  1:56  Probe (Chrono Boost)  
  20  2:05  Cybernetics Core  
  20  2:06  Probe (Chrono Boost)  
  20  2:07  Pylon  
  20  2:08  Probe (Chrono Boost)  
  22  2:13  Probe  
  22  2:15  Zealot  
  25  2:16  Probe  
  26  2:25  Probe (Chrono Boost)  
  26  2:28  Probe (Chrono Boost)  
  29  2:37  Probe (Chrono Boost)  
  29  2:40  Probe (Chrono Boost)  
  30  2:44  Gateway  
  30  2:45  Probe (Chrono Boost)  
  30  2:46  Adept (Chrono Boost)  
  30  2:49  Warp Gate  
  30  2:50  Probe (Chrono Boost)  
  35  2:59  Probe (Chrono Boost)  
  35  3:02  Probe (Chrono Boost)  
  36  3:08  Probe (Chrono Boost), Pylon  
  36  3:09  Probe (Chrono Boost)  
  40  3:13  Adept (Chrono Boost)  
  40  3:15  Assimilator  
  40  3:19  Probe (Chrono Boost), Assimilator  
  42  3:24  Probe (Chrono Boost)  
  42  3:30  Probe (Chrono Boost)  
  42  3:33  Adept (Chrono Boost)  
  46  3:36  Probe (Chrono Boost)  
  46  3:39  Mothership Core (Chrono Boost)  
  48  3:44  Probe (Chrono Boost)  
  51  3:52  Probe  
  51  3:53  Adept (Chrono Boost)  
  52  3:57  Adept (Chrono Boost)  
  52  4:07  Gateway  
  52  4:08  Gateway  
  52  4:11  Pylon, Assimilator  
  52  4:29  Probe x2, Stargate  
  54  4:32  Stargate  
  54  4:36  Pylon  
  54  4:41  Probe x2  
  56  4:50  Pylon  
  56  4:53  Probe  
  56  4:58  Stalker x2  
  61  5:15  Oracle x2 (Chrono Boost)  
  61  5:20  Zealot x2  
  71  5:21  Zealot x2  
  71  5:27  Probe  
  76  5:30  Probe  
  76  5:33  Pylon  
  76  5:34  Pylon  
  73  5:39  Probe  
  70  5:44  Fleet Beacon  
  70  5:45  Void Ray (Chrono Boost)  
  74  5:55  Void Ray (Chrono Boost)  
  78  5:57  Probe x2 (Chrono Boost)  
  78  6:02  Pylon  
  78  6:03  Pylon  
  72  6:08  Probe x2 (Chrono Boost)  
  74  6:21  Probe, Void Ray (Chrono Boost)  
  79  6:28  Zealot  
  81  6:34  Void Ray (Chrono Boost)  
  85  6:42  Nexus  
  85  6:44  Pylon  
  85  6:45  Pylon  
  85  6:50  Graviton Catapult  
  85  6:55  Zealot, Void Ray (Chrono Boost)  
  85  6:56  Zealot x3  
  98  7:15  Void Ray (Chrono Boost)  
  98  7:16  Forge  
  98  7:17  Probe x2  
  98  7:20  Zealot x3  
  98  7:29  Probe (Chrono Boost)  
  99  7:32  Void Ray (Chrono Boost)  
  104  7:41  Probe (Chrono Boost)  
  104  7:42  Probe (Chrono Boost)  
  105  7:44  Assimilator  
  105  7:47  Twilight Council  
  105  7:49  Probe (Chrono Boost)  
  105  7:50  Probe (Chrono Boost)  
  105  7:51  Assimilator  
  101  7:57  Photon Cannon  
  101  7:58  Photon Cannon  
  101  8:00  Gateway  
  101  8:03  Protoss Shields Level 1 (Chrono Boost)  
  101  8:08  Probe (Chrono Boost)  
  104  8:13  Probe x2 (Chrono Boost)  
  104  8:19  Probe (Chrono Boost)  
  105  8:25  Photon Cannon  
  102  8:27  Photon Cannon  
  102  8:28  Photon Cannon  
  102  8:31  Pylon, Photon Cannon  
  102  8:38  Phoenix x2 (Chrono Boost)  
  101  8:44  Probe x3  
  93  8:56  Phoenix (Chrono Boost)  
  93  8:58  Phoenix (Chrono Boost)  
  97  9:10  Nexus  
  97  9:20  Phoenix (Chrono Boost)  
  97  9:23  Phoenix (Chrono Boost)  
  101  9:27  Dark Shrine  
  98  9:38  Phoenix  
  98  9:41  Phoenix  
  102  10:02  Anion Pulse-Crystals (Chrono Boost)  
  102  10:03  Probe (Chrono Boost)  
  102  10:04  Probe (Chrono Boost)  
  104  10:14  Probe x2 (Chrono Boost)  
  106  10:20  Probe  
  107  10:31  Probe x2  
  109  10:36  Photon Cannon  
  109  10:37  Photon Cannon  
  109  10:46  Dark Templar x5  
  117  10:57  Photon Cannon  
  117  10:59  Photon Cannon, Assimilator  
  117  11:00  Photon Cannon  
  117  11:01  Archon x2  
  117  11:06  Carrier (Chrono Boost)  
  123  11:12  Dark Templar x2  
  123  11:13  Carrier (Chrono Boost)  
  123  11:18  Dark Templar  
  123  11:26  Archon x2  
  123  11:29  Probe x2  
  137  11:50  Pylon  
  137  11:54  Pylon  
  137  12:03  Carrier (Chrono Boost)  
  137  12:04  Pylon  
  137  12:09  Nexus  
  137  12:13  Adept  
  139  12:18  Protoss Shields Level 2 (Chrono Boost)  
  139  12:23  Protoss Air Weapons Level 1 (Chrono Boost)  
  145  12:30  Adept  
  145  12:31  Carrier (Chrono Boost)  
  125  13:07  Carrier (Chrono Boost)  
  125  13:08  Adept  
  125  13:09  Adept x4  
  133  13:19  Probe  
  131  13:20  Probe  
  137  13:31  Probe  
  137  13:32  Probe  
  127  13:47  Void Ray (Chrono Boost)  
  121  13:51  Nexus  
  111  14:04  Adept x2  
  111  14:05  Adept x3  
  121  14:14  Phoenix (Chrono Boost)  
  121  14:17  Carrier (Chrono Boost)  
  117  14:31  Assimilator  
  127  14:34  Void Ray (Chrono Boost)  
  127  14:35  Assimilator  
  127  14:38  Pylon  
  119  14:48  Adept x3  
  125  14:58  Adept x2  
  129  15:00  Void Ray (Chrono Boost)  
  127  15:18  Void Ray (Chrono Boost)  
  131  15:25  Adept x2  
  131  15:26  Adept x3  
  137  15:42  Void Ray (Chrono Boost)  
  123  15:52  Probe x3 (Chrono Boost)  
  123  15:53  Adept x4  
  123  15:54  Zealot  
  124  16:00  Carrier  
  125  16:04  Probe x3 (Chrono Boost)  
  125  16:07  Probe (Chrono Boost)  
  119  16:15  Probe (Chrono Boost)  
  111  16:25  Adept  
  111  16:26  Zealot x3  
  112  16:33  Adept  
  112  16:39  Probe x2  
  113  16:48  Dark Templar  
  113  16:58  Photon Cannon  
  111  17:04  Adept x2  
  107  17:14  Adept  
  107  17:21  Adept  
  105  17:26  Dark Templar  
Tags
 
Add a new tag
Caveats
  • Supply blocks, unpowered buildings, or Contaminate may cause inaccurate times.
  • Supply counts are checked every 10 seconds.